[Event "ICC tourney 2552 (3 2)"]
[Site "Internet Chess Club"]
[Date "2021.05.07"]
[Round "7"]
[White "BHOOMA, DHIVIJ:K05-16188670"]
[Black "BIRUDAVOLU, SATHVIK:K01-17230292"]
[Result "0-1"]
[ICCResult "White checkmated"]
[WhiteElo "1400"]
[BlackElo "1400"]
[Opening "Giuoco Piano"]
[ECO "C50"]
[NIC "IG.02"]
[Time "20:30:01"]
[PlyCount "46"]
[TimeControl "180+2"]

1. e4 e5 2. Nf3 Nc6 3. Bc4 Bc5 4. O-O h6 5. Nc3 Nf6 6. d3 O-O 7. Be3 Bxe3
8. fxe3 Ng4 9. Qd2 Nb4 10. d4 Nxe3 11. Qxe3 Nxc2 12. Qc1 Nxa1 13. Qxa1 d6
14. dxe5 dxe5 15. Nxe5 Qd4+ 16. Kh1 Qxe5 17. Qd1 Be6 18. Bxe6 fxe6 19. h3
Rxf1+ 20. Qxf1 Rf8 21. Qe2 Qg3 22. e5 Rf2 23. Qe1 Qxg2# { White checkmated
} 0-1

[Event "ICC tourney 2552 (3 2)"]
[Site "Internet Chess Club"]
[Date "2021.05.07"]
[Round "7"]
[White "PARHAR, OJAS:K03-16452028"]
[Black "KUO, TRISTAN:K06-16624110"]
[Result "0-1"]
[ICCResult "White checkmated"]
[WhiteElo "1400"]
[BlackElo "1400"]
[Opening "Sicilian"]
[ECO "B56"]
[NIC "SI.25"]
[Time "20:29:45"]
[PlyCount "46"]
[TimeControl "180+2"]

1. e4 c5 2. Nf3 Nc6 3. Nc3 d6 4. d4 cxd4 5. Nxd4 Nf6 6. Bb5 a6 7. Nxc6 bxc6
8. Bxc6+ Bd7 9. Bxa8 Qxa8 10. Nd5 Nxd5 11. exd5 e6 12. O-O Qxd5 13. Qe2 Bc6
14. f3 Qd4+ 15. Kh1 d5 16. Qxa6 Bd6 17. Qc8+ Ke7 18. Qxh8 Qh4 19. h3 Qg3
20. Kg1 Bc5+ 21. Kh1 Bd6 22. f4 d4 23. Qxh7 Qxg2# { White checkmated } 0-1

[Event "ICC tourney 2552 (3 2)"]
[Site "Internet Chess Club"]
[Date "2021.05.07"]
[Round "7"]
[White "SINGEETHAM, VYASARAJ:K03-17011358"]
[Black "JACK GREENE, WILLILAM:K05-30165343"]
[Result "1/2-1/2"]
[ICCResult "Black stalemated"]
[WhiteElo "1400"]
[BlackElo "1400"]
[Opening "Caro-Kann defense"]
[ECO "B10"]
[NIC "CK.01"]
[Time "20:29:41"]
[PlyCount "101"]
[TimeControl "180+2"]

1. e4 c6 2. Nf3 d5 3. exd5 cxd5 4. d4 f6 5. Nc3 Be6 6. Be2 Nc6 7. O-O Qc7
8. Re1 O-O-O 9. Nb5 Qb6 10. Nc3 f5 11. Bd3 g6 12. Rxe6 Rd6 13. Rxd6 exd6
14. Ng5 Be7 15. Nf7 Bf6 16. Nxh8 Bxh8 17. Nxd5 Qd8 18. Bb5 a6 19. Bxc6 bxc6
20. Nc3 c5 21. dxc5 dxc5 22. Qxd8+ Kxd8 23. Bg5+ Kc8 24. Rd1 Kc7 25. Rd8
Nf6 26. Rxh8 Ng4 27. h3 Ne5 28. f4 Nc6 29. Na4 Nb4 30. Nxc5 Nxa2 31. Nxa6+
Kb6 32. Nb8 Nb4 33. Nd7+ Kc6 34. Ne5+ Kb6 35. Rxh7 Nxc2 36. Nxg6 Ne3 37.
Re7 Nc4 38. b3 Na5 39. b4 Nc6 40. Re6 Kc7 41. Rxc6+ Kxc6 42. h4 Kd7 43. h5
Ke8 44. h6 Kf7 45. h7 Kxg6 46. h8=Q Kf7 47. b5 Ke6 48. b6 Kd6 49. b7 Kc7
50. b8=Q+ Kc6 51. Qd4 { Black stalemated } 1/2-1/2

[Event "ICC tourney 2552 (3 2)"]
[Site "Internet Chess Club"]
[Date "2021.05.07"]
[Round "7"]
[White "MANIKANDAN, SIDDHARTH:K05-15223658"]
[Black "NATHAN, KRISH:K06-16190973"]
[Result "0-1"]
[ICCResult "White checkmated"]
[WhiteElo "1400"]
[BlackElo "1400"]
[Opening "Petrov's defense"]
[ECO "C42"]
[NIC "RG.03"]
[Time "20:30:09"]
[PlyCount "50"]
[TimeControl "180+2"]

1. e4 e5 2. Nf3 Nf6 3. Nxe5 Nc6 4. Nxc6 dxc6 5. Nc3 Bc5 6. Qf3 O-O 7. d3
Bg4 8. Qg3 Re8 9. f3 Bh5 10. Bh6 Bg6 11. Bg5 h6 12. Bh4 Bd6 13. Qf2 Be7 14.
O-O-O Nd7 15. Bxe7 Qxe7 16. h4 b5 17. h5 Bh7 18. Qc5 Nxc5 19. d4 Na4 20.
Nxa4 bxa4 21. Bc4 Rab8 22. c3 a3 23. b3 Qg5+ 24. Kc2 Qxg2+ 25. Kc1 Qb2# {
White checkmated } 0-1

[Event "ICC tourney 2552 (3 2)"]
[Site "Internet Chess Club"]
[Date "2021.05.07"]
[Round "7"]
[White "RAO, ANJALI:K05-30140885"]
[Black "CONWAY, RANSOM:K03-30165293"]
[Result "0-1"]
[ICCResult "White resigns"]
[WhiteElo "1400"]
[BlackElo "1400"]
[Opening "Giuoco Piano: Greco's attack"]
[ECO "C54"]
[NIC "IG.02"]
[Time "20:29:21"]
[PlyCount "108"]
[TimeControl "180+2"]

1. e4 e5 2. Nf3 Nc6 3. Bc4 Bc5 4. c3 Nf6 5. d4 exd4 6. cxd4 Bb4+ 7. Nc3
Bxc3+ 8. bxc3 Nxe4 9. Qe2 d5 10. Bb5 O-O 11. Qc2 Nf6 12. Bxc6 bxc6 13. O-O
Re8 14. Re1 Rxe1+ 15. Nxe1 Qe7 16. Bd2 Ne4 17. h3 Nxd2 18. Qxd2 Bf5 19. Nf3
Re8 20. Re1 Qd7 21. Rxe8+ Qxe8 22. Qe1 Qxe1+ 23. Nxe1 f6 24. a4 Kf7 25. g4
Be4 26. f4 a5 27. f5 g6 28. fxg6+ hxg6 29. Kf2 f5 30. gxf5 Bxf5 31. Kg3 Kf6
32. h4 g5 33. hxg5+ Kxg5 34. Nf3+ Kf6 35. Kf4 Bc2 36. Nh4 Bxa4 37. Ke3 Bb3
38. Kd2 a4 39. Kc1 a3 40. Kb1 a2+ 41. Ka1 Kg5 42. Nf3+ Kf4 43. Nd2 Bc4 44.
Nxc4 dxc4 45. Kxa2 Ke3 46. Kb2 Kd3 47. Kc1 Kxc3 48. Kd1 Kxd4 49. Kd2 c3+
50. Kc2 c5 51. Kc1 Kd3 52. Kd1 c2+ 53. Kc1 c4 54. Kb2 Kd2 { White resigns }
0-1

[Event "ICC tourney 2552 (3 2)"]
[Site "Internet Chess Club"]
[Date "2021.05.07"]
[Round "7"]
[White "MATHEUSSEN, JACK:K03-17193974"]
[Black "NILES, NOAH:K05-30027195"]
[Result "1-0"]
[ICCResult "Black checkmated"]
[WhiteElo "1400"]
[BlackElo "1400"]
[Opening "Modern defense"]
[ECO "A40"]
[NIC "QO.17"]
[Time "20:29:25"]
[PlyCount "53"]
[TimeControl "180+2"]

1. d4 g6 2. Bf4 Bg7 3. e3 Nf6 4. Bd3 e6 5. Nf3 Nc6 6. Nc3 d6 7. O-O O-O 8.
Qd2 Re8 9. Rad1 Qd7 10. Rfe1 b6 11. Bc4 Bb7 12. d5 exd5 13. Nxd5 Nxd5 14.
Bxd5 Rad8 15. Bxc6 Bxc6 16. Nd4 Bd5 17. b3 c5 18. Nf3 Bxf3 19. gxf3 d5 20.
e4 b5 21. Qxd5 Qxd5 22. exd5 Rxe1+ 23. Rxe1 Rxd5 24. Re8+ Bf8 25. Bh6 Rd1+
26. Kg2 f5 27. Rxf8# { Black checkmated } 1-0

[Event "ICC tourney 2552 (3 2)"]
[Site "Internet Chess Club"]
[Date "2021.05.07"]
[Round "7"]
[White "WOO, ALEXANDER:K05-17096034"]
[Black "ANSELM RODRIGUES, EVANDER:K03-16965636"]
[Result "1-0"]
[ICCResult "Black checkmated"]
[WhiteElo "1400"]
[BlackElo "1400"]
[Opening "Four knights: Italian variation"]
[ECO "C47"]
[NIC "KP.06"]
[Time "20:29:36"]
[PlyCount "125"]
[TimeControl "180+2"]

1. e4 e5 2. Nf3 Nc6 3. Nc3 Nf6 4. Bc4 Nxe4 5. Nxe4 d5 6. Bxd5 Qxd5 7. Nc3
Qd8 8. d3 Bg4 9. h3 Bf5 10. Be3 Bb4 11. Bd2 O-O 12. O-O h6 13. a3 Ba5 14.
b4 Bb6 15. Re1 Re8 16. Be3 Bxe3 17. Rxe3 Nd4 18. Nxd4 exd4 19. Rxe8+ Qxe8
20. Nd5 c6 21. Nc7 Qc8 22. Nxa8 Qxa8 23. Qf3 Bg6 24. Re1 Qd8 25. Re5 f6 26.
Re1 Qd5 27. Qxd5+ cxd5 28. Re7 Kf8 29. Rxb7 a6 30. f3 Ke8 31. a4 Kd8 32.
Rxg7 Bf5 33. g4 Be6 34. Kf2 Bd7 35. Rxd7+ Kxd7 36. Ke2 Kc6 37. Kd2 Kb6 38.
c3 dxc3+ 39. Kxc3 a5 40. bxa5+ Kxa5 41. Kd4 Kxa4 42. Kxd5 Kb3 43. Ke6 Kc3
44. Kxf6 Kxd3 45. g5 hxg5 46. Kxg5 Ke3 47. h4 Kxf3 48. h5 Ke4 49. h6 Kd4
50. h7 Kd5 51. h8=Q Kc5 52. Qe8 Kc4 53. Kf4 Kd4 54. Qe5+ Kc4 55. Qd6 Kc3
56. Ke4 Kb3 57. Qc7 Kb4 58. Kd4 Kb3 59. Qc4+ Kb2 60. Qc3+ Ka2 61. Qb4 Ka1
62. Kc3 Ka2 63. Qb2# { Black checkmated } 1-0

[Event "ICC tourney 2552 (3 2)"]
[Site "Internet Chess Club"]
[Date "2021.05.07"]
[Round "7"]
[White "MICHAEL BAR, NATHAN:K01-30163724"]
[Black "PALANIAPPAN, ABHINAV:K05-16592332"]
[Result "1-0"]
[ICCResult "Black forfeits on time"]
[WhiteElo "1400"]
[BlackElo "1400"]
[Opening "Caro-Kann: exchange variation"]
[ECO "B13"]
[NIC "CK.02"]
[Time "20:29:19"]
[PlyCount "35"]
[TimeControl "180+2"]

1. e4 c6 2. d4 d5 3. exd5 cxd5 4. b3 Nf6 5. c4 Bf5 6. Nc3 e6 7. Bg5 Bb4 8.
Rc1 O-O 9. Be2 Nc6 10. Nf3 Re8 11. O-O Bxc3 12. Rxc3 Be4 13. Ne5 Nxd4 14.
Qxd4 Qa5 15. Bxf6 gxf6 16. Nf3 Qxa2 17. Re1 e5 18. Qd1 { Black forfeits on
time } 1-0

[Event "ICC tourney 2552 (3 2)"]
[Site "Internet Chess Club"]
[Date "2021.05.07"]
[Round "7"]
[White "VARADA, PRAHARSH:K05-30168995"]
[Black "HIRIYUR CHETHAN, NISCHITH:K06-30157135"]
[Result "1-0"]
[ICCResult "Black checkmated"]
[WhiteElo "1229"]
[BlackElo "1400"]
[Opening "Giuoco Piano"]
[ECO "C50"]
[NIC "IG.02"]
[Time "20:29:33"]
[PlyCount "97"]
[TimeControl "180+2"]

1. e4 e5 2. Nf3 Nc6 3. Bc4 Bc5 4. O-O Nf6 5. Nc3 d6 6. d3 Bg4 7. h3 Bh5 8.
Be3 Bxe3 9. fxe3 Qd7 10. Qe2 O-O-O 11. Rae1 g5 12. Qf2 g4 13. hxg4 Qxg4 14.
Nh2 Qg6 15. Qf5+ Qxf5 16. Rxf5 Bg6 17. Rxf6 Rhg8 18. Bxf7 Bxf7 19. Rxf7 h6
20. Rh7 Rg6 21. Nd5 Rdg8 22. Ne7+ Kd7 23. Nxg6+ Ke6 24. Re7+ Nxe7 25. Nxe7
Kxe7 26. Rf1 h5 27. d4 exd4 28. exd4 h4 29. Rf3 c6 30. Rh3 Rh8 31. Nf3 d5
32. exd5 cxd5 33. Rxh4 Rxh4 34. Nxh4 Kd6 35. g4 Ke6 36. g5 Kf7 37. g6+ Kg7
38. Kg2 b5 39. Kg3 a5 40. Kg4 b4 41. a3 bxa3 42. bxa3 Kg8 43. Kg5 Kg7 44.
Nf5+ Kg8 45. Kf6 Kf8 46. g7+ Kg8 47. Ne7+ Kh7 48. g8=Q+ Kh6 49. Qg6# {
Black checkmated } 1-0

[Event "ICC tourney 2552 (3 2)"]
[Site "Internet Chess Club"]
[Date "2021.05.07"]
[Round "7"]
[White "KIRILOV SAKALIYSKI, CHRISTOPHER:K05-16115040"]
[Black "PATANKAR, VIJAY:K06-16438548"]
[Result "1-0"]
[ICCResult "Black checkmated"]
[WhiteElo "1400"]
[BlackElo "1400"]
[Opening "English, 1...Nf6 (Anglo-Indian defense)"]
[ECO "A15"]
[NIC "EO.64"]
[Time "20:29:31"]
[PlyCount "47"]
[TimeControl "180+2"]

1. c4 Nf6 2. g3 g6 3. Bg2 Bg7 4. Nc3 O-O 5. d3 d6 6. e4 c5 7. Nge2 Nc6 8.
O-O Bd7 9. f4 Rc8 10. h3 h5 11. f5 a6 12. Nf4 Ne5 13. fxg6 fxg6 14. Ncd5
Nxd5 15. cxd5 Kh7 16. Bd2 Bh6 17. Bc3 Bxf4 18. gxf4 Nf7 19. f5 Rg8 20.
fxg6+ Kxg6 21. Rxf7 Kxf7 22. Qxh5+ Kf8 23. Rf1+ Bf5 24. Rxf5# { Black
checkmated } 1-0

[Event "ICC tourney 2552 (3 2)"]
[Site "Internet Chess Club"]
[Date "2021.05.07"]
[Round "7"]
[White "RAMANUJA, MADHAV:K03-30040317"]
[Black "SUDEENDRA, SANKARSHANA:K06-30017519"]
[Result "0-1"]
[ICCResult "White resigns"]
[WhiteElo "1400"]
[BlackElo "1573"]
[Opening "King's Indian defense, 3.Nc3"]
[ECO "E61"]
[NIC "KI.76"]
[Time "20:29:33"]
[PlyCount "54"]
[TimeControl "180+2"]

1. d4 Nf6 2. c4 g6 3. Nc3 d6 4. Nf3 Bg7 5. e3 O-O 6. Bd3 Nc6 7. h3 e5 8. d5
Ne7 9. Bd2 Bf5 10. Bxf5 Nxf5 11. e4 Ne7 12. Qc2 c6 13. O-O-O cxd5 14. Nxd5
Nexd5 15. cxd5 Rc8 16. Bc3 Qb6 17. Kb1 Rc5 18. Qd2 Rfc8 19. Ba5 Qxa5 20.
Qxa5 Rxa5 21. Rhe1 Rc4 22. Nd2 Rca4 23. a3 Rb5 24. Ka2 Bh6 25. Nc4 Rxc4 26.
f3 Rc2 27. Rb1 Rxg2 { White resigns } 0-1

[Event "ICC tourney 2552 (3 2)"]
[Site "Internet Chess Club"]
[Date "2021.05.07"]
[Round "7"]
[White "PUROHIT, VIHAAN:K05-16766058"]
[Black "YU, YANG:K01-30094337"]
[Result "0-1"]
[ICCResult "White forfeits on time"]
[WhiteElo "1400"]
[BlackElo "1400"]
[Opening "Ruy Lopez: Berlin defense, Beverwijk variation"]
[ECO "C65"]
[NIC "RL.07"]
[Time "20:30:10"]
[PlyCount "30"]
[TimeControl "180+2"]

1. e4 e5 2. Nf3 Nc6 3. Bb5 Nf6 4. O-O Bc5 5. c3 d5 6. d4 exd4 7. cxd4 dxe4
8. Ne5 Qxd4 9. Nxc6 Qxd1 10. Rxd1 Bd7 11. Nd4 c6 12. Bc4 Bg4 13. Be2 Bxd4
14. Bxg4 Rd8 15. h3 Nxg4 { White forfeits on time } 0-1

[Event "ICC tourney 2552 (3 2)"]
[Site "Internet Chess Club"]
[Date "2021.05.07"]
[Round "7"]
[White "SARANGI, SHREYAN:K05-17058212"]
[Black "WATANABE NUNEZ, RYUTA:K03-17015848"]
[Result "0-1"]
[ICCResult "White resigns"]
[WhiteElo "1400"]
[BlackElo "1400"]
[Opening "Ruy Lopez: Möller defense"]
[ECO "C78"]
[NIC "RL.12"]
[Time "20:30:10"]
[PlyCount "70"]
[TimeControl "180+2"]

1. e4 e5 2. Nf3 Nc6 3. Bb5 a6 4. Ba4 Nf6 5. O-O Bc5 6. c3 O-O 7. d4 exd4 8.
cxd4 Be7 9. e5 Nd5 10. Bb3 Nb6 11. d5 Na5 12. Bc2 d6 13. Nc3 dxe5 14. Nxe5
Qd6 15. Qh5 g6 16. Qe2 Bd7 17. Bh6 Rfe8 18. Nxd7 Qxd7 19. Rad1 Bf6 20. Qd2
Rad8 21. h3 Nac4 22. Qc1 Bxc3 23. bxc3 f6 24. Bb3 Qd6 25. Rd4 Ne5 26. c4 c5
27. Rdd1 Nbd7 28. f4 Nf7 29. f5 g5 30. Rfe1 Nxh6 31. h4 Rxe1+ 32. Rxe1 Nf7
33. hxg5 Nxg5 34. Qe3 Ne5 35. Qg3 Nf3+ { White resigns } 0-1

[Event "ICC tourney 2552 (3 2)"]
[Site "Internet Chess Club"]
[Date "2021.05.07"]
[Round "7"]
[White "SELVAM, RIKITHA:K01-30089086"]
[Black "MISRA, RISHAAN:K03-30153929"]
[Result "1-0"]
[ICCResult "Black checkmated"]
[WhiteElo "1400"]
[BlackElo "1400"]
[Opening "King's knight opening"]
[ECO "C40"]
[NIC "KP.10"]
[Time "20:33:06"]
[PlyCount "25"]
[TimeControl "180+2"]

1. e4 e5 2. Nf3 c5 3. Nxe5 c4 4. Nxc4 b5 5. Nd6+ Ke7 6. Nxc8+ Qxc8 7. Bxb5
Ke6 8. O-O Qc5 9. Nc3 Qh5 10. Qxh5 Nf6 11. Qh3+ Ke5 12. Qf5+ Kd4 13. Ne2# {
Black checkmated } 1-0

[Event "ICC tourney 2552 (3 2)"]
[Site "Internet Chess Club"]
[Date "2021.05.07"]
[Round "7"]
[White "XUE, JACK:K03-17241051"]
[Black "SANTOSH, SAHARSH:K03-17153914"]
[Result "1-0"]
[ICCResult "Black resigns"]
[WhiteElo "1348"]
[BlackElo "1400"]
[Opening "Sicilian: Alapin's variation (2.c3)"]
[ECO "B22"]
[NIC "SI.46"]
[Time "20:29:32"]
[PlyCount "50"]
[TimeControl "180+2"]

1. e4 c5 2. c3 Nc6 3. d4 cxd4 4. cxd4 d5 5. Nc3 dxe4 6. Be3 Nf6 7. Qc2 e5
8. dxe5 Nxe5 9. Nxe4 Bf5 10. Nxf6+ gxf6 11. Qxf5 Bb4+ 12. Ke2 Qa5 13. Qxf6
Qb5+ 14. Kd1 Rd8+ 15. Kc2 Rc8+ 16. Kb3 Qd5+ 17. Kxb4 a5+ 18. Ka3 Rg8 19. b3
Rc6 20. Qf4 Qd6+ 21. Kb2 Rg4 22. Qf5 Rg6 23. f4 Nd3+ 24. Qxd3 Qxd3 25. Bxd3
Rge6 { Black resigns } 1-0

[Event "ICC tourney 2552 (3 2)"]
[Site "Internet Chess Club"]
[Date "2021.05.07"]
[Round "7"]
[White "NAGASAI SASHANK KUNCHANAPALLI, HAVISH:K06-30136759"]
[Black "DESAIKOV, MAX:K03-30147675"]
[Result "1/2-1/2"]
[ICCResult "White stalemated"]
[WhiteElo "1324"]
[BlackElo "1400"]
[Opening "Vienna game"]
[ECO "C28"]
[NIC "VG.02"]
[Time "20:29:48"]
[PlyCount "122"]
[TimeControl "180+2"]

1. e4 e5 2. Nc3 Nf6 3. Bc4 Nc6 4. d3 Bb4 5. f4 d6 6. Nf3 Bg4 7. h3 Bxf3 8.
Qxf3 Bxc3+ 9. bxc3 a6 10. O-O O-O 11. Rb1 b5 12. Bb3 Nd7 13. a4 Na5 14.
axb5 axb5 15. Qg3 c6 16. fxe5 Nxe5 17. d4 Nxb3 18. cxb3 Ng6 19. Bf4 Nxf4
20. Rxf4 Qe7 21. Rg4 g6 22. h4 h5 23. Rf4 Kh7 24. Rbf1 Kg7 25. Rf6 Qxf6 26.
Rxf6 Kxf6 27. Qxd6+ Kg7 28. Qxc6 Ra1+ 29. Kh2 f5 30. e5 f4 31. Qxb5 f3 32.
gxf3 Rxf3 33. Kg2 Rxc3 34. Qd7+ Kh6 35. Qb5 Ra2+ 36. Kg1 Rc1+ 37. Qf1 Rxf1+
38. Kxf1 Rd2 39. e6 Rxd4 40. b4 Rxb4 41. e7 Re4 42. Kf2 Rxe7 43. Kg3 Re4
44. Kf3 Rxh4 45. Kg3 g5 46. Kg2 Rf4 47. Kg3 h4+ 48. Kh3 Kh5 49. Kh2 g4 50.
Kh1 h3 51. Kh2 Kh4 52. Kh1 g3 53. Kg1 h2+ 54. Kh1 Rf1+ 55. Kg2 Rg1+ 56. Kf3
h1=Q+ 57. Kf4 Re1 58. Kf5 Qf1+ 59. Kg6 Re6+ 60. Kg7 Qf6+ 61. Kh7 Re8 {
White stalemated } 1/2-1/2

[Event "ICC tourney 2552 (3 2)"]
[Site "Internet Chess Club"]
[Date "2021.05.07"]
[Round "7"]
[White "SAMBATH, VAISHNAV:K01-30162350"]
[Black "PATEL, DARSH:K05-16084348"]
[Result "0-1"]
[ICCResult "White forfeits on time"]
[WhiteElo "1400"]
[BlackElo "1400"]
[Opening "Giuoco Piano"]
[ECO "C50"]
[NIC "IG.02"]
[Time "20:29:23"]
[PlyCount "60"]
[TimeControl "180+2"]

1. e4 e5 2. Nf3 Nc6 3. Bc4 Bc5 4. Nc3 d6 5. h3 h6 6. O-O Nf6 7. d3 O-O 8.
Be3 Nd4 9. Bxd4 exd4 10. Nd5 Nxd5 11. Bxd5 Be6 12. Bb3 Bxb3 13. axb3 a5 14.
Qd2 Bb4 15. c3 Bc5 16. b4 axb4 17. Rxa8 Qxa8 18. cxb4 Bb6 19. Nh4 g5 20.
Nf5 Qc8 21. Nxh6+ Kg7 22. Qxg5+ Kh7 23. f4 Rg8 24. Qf6 c6 25. Nxf7 d5 26.
exd5 Rg6 27. Qh4+ Rh6 28. Qxh6+ Kg8 29. Qg6+ Kf8 30. Nd6 Qc7 { White
forfeits on time } 0-1

[Event "ICC tourney 2552 (3 2)"]
[Site "Internet Chess Club"]
[Date "2021.05.07"]
[Round "7"]
[White "LAKSHMANAN, KARTHIK:K05-17329162"]
[Black "DAFTUAR, ROHAN:K03-17124531"]
[Result "0-1"]
[ICCResult "White checkmated"]
[WhiteElo "1400"]
[BlackElo "1400"]
[Opening "Sicilian"]
[ECO "B50"]
[NIC "SI.01"]
[Time "20:30:10"]
[PlyCount "124"]
[TimeControl "180+2"]

1. e4 c5 2. Nf3 d6 3. c3 Nc6 4. d4 cxd4 5. cxd4 Nf6 6. Nc3 g6 7. Bd3 Bg7 8.
O-O O-O 9. Be3 Bg4 10. Be2 Re8 11. Qd2 Qd7 12. Bh6 Rad8 13. Bxg7 Kxg7 14.
d5 Nb8 15. h3 Bxf3 16. Bxf3 Na6 17. Rfe1 Qc7 18. Rac1 Qb6 19. Na4 Qb4 20.
Qxb4 Nxb4 21. a3 Nd3 22. Rcd1 Nxe1 23. Rxe1 Rc8 24. Nc3 Nd7 25. Rd1 Ne5 26.
Be2 Nc4 27. Bxc4 Rxc4 28. Re1 Rec8 29. Re3 a6 30. f3 b5 31. Kf2 b4 32. axb4
Rxb4 33. Re2 Rcb8 34. Ke3 Rxb2 35. Rxb2 Rxb2 36. g4 a5 37. Kd3 Rh2 38. Kc4
Rxh3 39. Kb5 Rxf3 40. Na4 Rf4 41. Kxa5 Rxe4 42. Nb6 Rxg4 43. Nd7 Rd4 44.
Nb6 h5 45. Kb5 h4 46. Kc6 h3 47. Kd7 h2 48. Kxe7 h1=Q 49. Kxd6 Qh2+ 50. Kd7
Qb8 51. Kc6 Qxb6+ 52. Kxb6 Rxd5 53. Kc6 Rh5 54. Kd6 g5 55. Kc6 g4 56. Kd6
g3 57. Kc6 g2 58. Kd6 g1=Q 59. Kc6 Qc5+ 60. Kd7 Rd5+ 61. Ke8 Qc8+ 62. Ke7
Qe6# { White checkmated } 0-1

[Event "ICC tourney 2552 (3 2)"]
[Site "Internet Chess Club"]
[Date "2021.05.07"]
[Round "7"]
[White "GRACE KINNEY, ELLA:K06-16939048"]
[Black "LIU, DAVID:K05-15646077"]
[Result "1-0"]
[ICCResult "Black checkmated"]
[WhiteElo "1400"]
[BlackElo "1400"]
[Opening "Evans gambit declined"]
[ECO "C51"]
[NIC "IG.05"]
[Time "20:29:52"]
[PlyCount "85"]
[TimeControl "180+2"]

1. e4 e5 2. Nf3 Nc6 3. Bc4 Bc5 4. b4 Bb6 5. c3 a6 6. d3 Nf6 7. O-O O-O 8.
Bg5 h6 9. Bh4 d6 10. Nbd2 Bg4 11. Qc2 Bh5 12. Rfe1 Ng4 13. Bxd8 Bxf2+ 14.
Kh1 Ne3 15. Rxe3 Bxe3 16. Re1 Bf2 17. Rf1 Be3 18. Bxc7 b5 19. Bd5 Rac8 20.
Bxd6 Rfd8 21. Bxc6 Rxc6 22. Bxe5 f6 23. Bg3 Re6 24. d4 Re7 25. e5 Rdd7 26.
Re1 Bg5 27. Nxg5 hxg5 28. Nf3 Bxf3 29. gxf3 f5 30. f4 gxf4 31. Bxf4 Re8 32.
Qxf5 Rf7 33. Qg4 Kf8 34. e6 Rf6 35. e7+ Kg8 36. Be5 Rxe7 37. Bxf6 Rxe1+ 38.
Kg2 Kf8 39. Qxg7+ Ke8 40. Qg6+ Kf8 41. Bg7+ Kg8 42. Bh6+ Kh8 43. Qg7# {
Black checkmated } 1-0

[Event "ICC tourney 2552 (3 2)"]
[Site "Internet Chess Club"]
[Date "2021.05.07"]
[Round "7"]
[White "SCHMELZER, ZACHARY:K05-16849843"]
[Black "DECLAN RODRIGUES, CALIX:K03-17095397"]
[Result "1-0"]
[ICCResult "Black forfeits on time"]
[WhiteElo "1400"]
[BlackElo "1400"]
[Opening "two knights defense: Ulvestad variation"]
[ECO "C57"]
[NIC "KP.01"]
[Time "20:30:26"]
[PlyCount "49"]
[TimeControl "180+2"]

1. e4 e5 2. Nf3 Nc6 3. Bc4 Nf6 4. Ng5 d5 5. exd5 b5 6. dxc6 bxc4 7. d3 Qd5
8. dxc4 Qxg2 9. Qf3 Qxf3 10. Nxf3 Bg4 11. Nxe5 Be6 12. Nc3 Bd6 13. Nd3 O-O
14. Bg5 Rfe8 15. O-O-O Bxc4 16. Bxf6 gxf6 17. b3 Be6 18. Rhe1 Rab8 19. Nf4
Bxf4+ 20. Kb2 Bxh2 21. Ne4 Bf5 22. Nc5 Rxe1 23. Rxe1 h5 24. Rh1 Bf4 25.
Rxh5 { Black forfeits on time } 1-0

[Event "ICC tourney 2552 (3 2)"]
[Site "Internet Chess Club"]
[Date "2021.05.07"]
[Round "7"]
[White "GALLEGE, REHAN:K05-16946930"]
[Black "BULUSU, PHANEENDRA:K03-16661467"]
[Result "1/2-1/2"]
[ICCResult "Game drawn by mutual agreement"]
[WhiteElo "1400"]
[BlackElo "1400"]
[Opening "King's pawn game"]
[ECO "C50"]
[NIC "IG.03"]
[Time "20:29:43"]
[PlyCount "64"]
[TimeControl "180+2"]

1. e4 e5 2. Nf3 Nc6 3. Bc4 h6 4. c3 Nf6 5. d4 exd4 6. e5 Nh7 7. cxd4 Bb4+
8. Bd2 Bxd2+ 9. Nbxd2 d5 10. exd6 Qxd6 11. Qe2+ Ne7 12. O-O O-O 13. Rfe1
Nc6 14. Nb3 Bg4 15. Rad1 Ng5 16. Bd3 Nb4 17. a3 Nxd3 18. Rxd3 Nxf3+ 19.
gxf3 Bh3 20. Qe4 f5 21. Qe6+ Qxe6 22. Rxe6 Rae8 23. Rxe8 Rxe8 24. Rd1 f4
25. Nd2 Bf5 26. Rc1 c6 27. Kg2 Re2 28. Nc4 Be6 29. b4 Bxc4 30. Rxc4 Ra2 31.
Rc3 Rd2 32. Rc4 Rd3 { Game drawn by mutual agreement } 1/2-1/2

[Event "ICC tourney 2552 (3 2)"]
[Site "Internet Chess Club"]
[Date "2021.05.07"]
[Round "7"]
[White "WOO, HENRY:K01-30165260"]
[Black "KAGGUNDI RAVISHA, MANASWINI:K05-30132763"]
[Result "0-1"]
[ICCResult "White forfeits on time"]
[WhiteElo "1400"]
[BlackElo "1400"]
[Opening "Giuoco Piano: four knights variation"]
[ECO "C50"]
[NIC "IG.02"]
[Time "20:29:45"]
[PlyCount "42"]
[TimeControl "180+2"]

1. e4 e5 2. Nf3 Nc6 3. Bc4 Bc5 4. Nc3 Nf6 5. h4 O-O 6. O-O d6 7. a4 Bg4 8.
Ng5 Bxd1 9. Rxd1 h6 10. Nh3 Ng4 11. Re1 Re8 12. Bxf7+ Kxf7 13. h5 Qh4 14.
a5 Nxf2 15. Nxf2 Bxf2+ 16. Kf1 Bxe1 17. Ke2 Nd4+ 18. Kd3 c6 19. b4 d5 20.
exd5 cxd5 21. Nxd5 Qg3+ { White forfeits on time } 0-1

[Event "ICC tourney 2552 (3 2)"]
[Site "Internet Chess Club"]
[Date "2021.05.07"]
[Round "7"]
[White "J KUMBHARE, SHLOK:K01-30055831"]
[Black "CHAN, ARTHUR:K05-30015869"]
[Result "0-1"]
[ICCResult "White checkmated"]
[WhiteElo "1400"]
[BlackElo "1400"]
[Opening "Sicilian: Nimzovich-Rossolimo attack (without ...d6)"]
[ECO "B30"]
[NIC "SI.31"]
[Time "20:29:32"]
[PlyCount "64"]
[TimeControl "180+2"]

1. e4 c5 2. Nf3 Nc6 3. Bb5 a6 4. Bxc6 bxc6 5. O-O e5 6. Nxe5 Bd6 7. Nf3 Nf6
8. e5 Bxe5 9. Nxe5 Qc7 10. Re1 O-O 11. Nc3 Re8 12. Qe2 d6 13. d3 Rxe5 14.
Qd2 Rxe1+ 15. Qxe1 Bf5 16. Bf4 Re8 17. Qd2 Qd7 18. Re1 d5 19. Be5 d4 20.
Na4 Ng4 21. Nxc5 Qd5 22. Nxa6 Nxe5 23. f4 Qxa2 24. Nb4 Qxb2 25. fxe5 h6 26.
Nxc6 Kh7 27. Rf1 g6 28. g4 Be6 29. Rf6 Rc8 30. Ne7 Rxc2 31. Qf4 Rg2+ 32.
Kf1 Qe2# { White checkmated } 0-1

[Event "ICC tourney 2552 (3 2)"]
[Site "Internet Chess Club"]
[Date "2021.05.07"]
[Round "7"]
[White "PETRELLA, GUGLIELMO:K03-16792997"]
[Black "SWARNKAR, ARYAV:K05-30165275"]
[Result "1-0"]
[ICCResult "Black forfeits on time"]
[WhiteElo "1400"]
[BlackElo "1400"]
[Opening "two knights defense"]
[ECO "C58"]
[NIC "KP.01"]
[Time "20:29:38"]
[PlyCount "45"]
[TimeControl "180+2"]

1. e4 e5 2. Nf3 Nc6 3. Bc4 Nf6 4. Ng5 d5 5. exd5 Na5 6. Qe2 Nxc4 7. Qxc4 h6
8. Nf3 Nxd5 9. Nxe5 Nb6 10. Qe4 g6 11. Nc6+ Be7 12. Nxd8 Bf5 13. Qxb7 Rxd8
14. Nc3 O-O 15. O-O Rb8 16. Qxc7 Nd5 17. Nxd5 Bf6 18. Nxf6+ Kg7 19. Nd7
Rfc8 20. Qe5+ Kg8 21. Nxb8 Rf8 22. d3 Be6 23. Bxh6 { Black forfeits on time
} 1-0